 Dungeon Crawl Stone Soup version 0.26.1-2-gb8aa6d0cf2 (webtiles) character file.

Game seed: 3623906160764743692

196 Ladykiller69 the Ruffian (level 5, 53/53 HPs)
             Began as a Troll Monk on Feb 9, 2021.
             Was a Believer of Kikubaaqudgha.
             Quit the game on level 3 of the Dungeon.
             The game lasted 00:05:56 (2147 turns).

Ladykiller69 the Ruffian (Troll Monk)               Turns: 2147, Time: 00:05:56

Health: 53/53      AC:  6    Str: 19    XL:     5   Next: 45%
Magic:  4/4        EV: 11    Int:  6    God:    Kikubaaqudgha [**....]
Gold:   270        SH:  0    Dex: 13    Spells: 4/4 levels left

rFire    . . .     SeeInvis .     - Unarmed
rCold    . . .     Faith    .   (no shield)
rNeg     . . .     Spirit   .   a - +0 robe
rPois    .         Reflect  .   (helmet restricted)
rElec    .         Harm     .   (no cloak)
rCorr    .         Rampage  .   (gloves unavailable)
Will     .....                  (boots unavailable)
Stlth    ++........             (no amulet)
HPRegen  0.57/turn              (no ring)
MPRegen  0.09/turn              (no ring)

@: no status effects
A: large, unfitting armour, claws 3, regeneration 1, shaggy fur 1, tough skin 3
a: Renounce Religion, Receive Corpses


You were on level 3 of the Dungeon.
You worshipped Kikubaaqudgha.
Kikubaaqudgha was pleased with you.
You visited 1 branch of the dungeon, and saw 3 of its levels.

You collected 270 gold pieces.

Inventory:

Missiles
 m - 7 boomerangs (quivered)
Armour
 a - a +0 robe (worn)
Jewellery
 f - an uncursed amulet of the acrobat {unknown}
 l - a +6 ring of strength {unknown}
 p - an uncursed amulet of faith {unknown}
Wands
 o - a wand of paralysis (5)
Scrolls
 d - 7 scrolls of identify {unknown}
 g - 3 scrolls of teleportation {unknown}
 j - a scroll of magic mapping {unknown}
 k - a scroll of blinking {unknown}
Potions
 b - 2 potions of curing {unknown}
 c - a potion of haste {unknown}
 e - 2 potions of ambrosia {unknown}
 h - a potion of heal wounds {unknown}
 i - a potion of degeneration {unknown}
 n - a potion of lignification {unknown}


   Skills:
 + Level 3.3 Fighting
 + Level 1.0 Throwing
 + Level 3.1 Dodging
 - Level 1.1 Stealth
 * Level 4.6 Unarmed Combat


You had 4 spell levels left.
You didn't know any spells.
Your spell library contained the following spells:

 Spells                   Type           Power        Failure   Level
 Animate Skeleton         Necr           0%           45%         1
 Pain                     Necr           0%           45%         1
 Sublimation of Blood     Necr           0%           58%         2
 Vampiric Draining        Necr           0%           83%         3


Dungeon Overview and Level Annotations

Branches:
Dungeon (3/15)

Altars:
Kikubaaqudgha


Innate Abilities, Weirdness & Mutations

You are too large for most types of armour.
You have claws for hands.
Your natural rate of healing is unusually fast.
You are covered in fur. (AC +1)
You have extremely tough skin. (AC +3)


Message History

You feel sick.
You are no longer poisoned.
You see here an adder corpse.
g - 3 scrolls labelled BUDIAR ALOD (gained 1)
Found a ring mail.
You now have 270 gold pieces (gained 8).
Found a faded altar of an unknown god.
There is a faded altar of an unknown god here.
No target in view!
No target in view!
You cannot tell which god this altar belongs to.
Convert to them anyway?
Kikubaaqudgha accepts your prayer! Kikubaaqudgha welcomes you!
You can now receive cadavers from Kikubaaqudgha.
You see here Kikubaaqudgha's Compendium of Sinister Magic.
Kikubaaqudgha grants you a gift!
Kikubaaqudgha is now protecting you from necromantic miscasts and death curses.
You pick up Kikubaaqudgha's Compendium of Sinister Magic and begin reading...
You add the spells Animate Skeleton, Pain, Sublimation of Blood and Vampiric Draining to your library.
Are you sure you want to abandon this character and quit the game? (Confirm with "yes".)

#######..##.# .. #.#
#..##.#### #. #.#
#.>....... ###.###.#
##.##.###. #........
#.##.# #.......# #.##.#
#..[#..## #.##.### ....
#..# #.##.##.##########
#..## #....<##@##.....#
#....
#########.#####.#####.###
##.##...........#
#.##..########### ##.#.##
#.#.# #...# #####


There were no monsters in sight!

Vanquished Creatures
  Jessica (D:3)
  A worker ant (D:3)
  4 adders
  A white imp (D:3)
  6 worms
  3 dart slugs (D:1)
  3 leopard geckos
  An orc (D:3)
  A ball python (D:2)
  5 giant cockroaches
  13 goblins
  12 hobgoblins
  3 jackals (D:2)
  3 quokkas
  4 bats
  A frilled lizard (D:2)
  5 kobolds
  9 rats
76 creatures vanquished.

Notes
Turn   | Place    | Note
-------+----------+-------------------------------------------
     0 | D:1      | Ladykiller69 the Troll Monk began the quest for the Orb.
     0 | D:1      | Reached XP level 1. HP: 22/22 MP: 0/0
   117 | D:1      | Reached XP level 2. HP: 29/29 MP: 1/1
   475 | D:1      | Reached XP level 3. HP: 33/36 MP: 2/2
  1032 | D:2      | Reached XP level 4. HP: 40/45 MP: 3/3
  1068 | D:2      | Reached skill level 4 in Unarmed Combat
  1701 | D:3      | Noticed Jessica
  1711 | D:3      | Killed Jessica
  1712 | D:3      | Reached XP level 5. HP: 48/53 MP: 4/4
  1958 | D:3      | Reached skill level 1 in Throwing
  2143 | D:3      | Found a faded altar of an unknown god.
  2145 | D:3      | Became a worshipper of Kikubaaqudgha
  2145 | D:3      | Reached * piety under Kikubaaqudgha
  2145 | D:3      | Identified Kikubaaqudgha's Compendium of Sinister Magic
                  | (Kikubaaqudgha gifted it to you on level 3 of the Dungeon)
  2145 | D:3      | Received a gift from Kikubaaqudgha
  2145 | D:3      | Reached ** piety under Kikubaaqudgha
  2147 | D:3      | Quit the game

Illustrated notes

Levels and vault maps discovered:
D:1:      lemuel_arrival_room, layout_basic, minmay_pentomino_q2
D:2:      cheibrodos_greedy_goblins, layout_basic, minmay_misc_feat_diagonals
D:3:      layout_loops_ring, chequers_ecumenical_altar_twisty,
          minmay_surrounded, uniq_jessica

Skill      XL: |  1  2  3  4  5 |
---------------+----------------+-----
Fighting       | 3 |  3.3
Unarmed Combat | 4 |  4.6
Dodging        | 3 |  3.1
Throwing       | 1 |  1.0
Stealth        | |  1.1

Action                   |  1- 3 |  4- 6 || total
-------------------------+-------+-------++-------
Melee: Unarmed           |   115 |    65 ||   180
       Punch             |     1 |     1 ||     2
Throw: Boomerang         |       |    39 ||    39
       Stone             |       |    10 ||    10
 Stab: Sleeping          |     5 |       ||     5
Armor: Robe              |    43 |    13 ||    56
Dodge: Dodged            |    58 |    19 ||    77
